Map: New Gettysburg LE

Players

llllllllllll - Winner!

  • Race: Protoss Protoss
  • League: Diamond

Erazure

  • Race: Zerg Zerg
  • League: Diamond

VOD

Have the link to the VOD?

Description

Time

  • Played on: Aug. 6, 2016, 3:33 p.m.
  • Length: 18:58
Show
View Real Time Build Order
Export as new Build Order

llllllllllll Protoss - Winner!

Build Orders:  

Get SALT Encoding   

  12  0:01  Probe (Chrono Boost)  
  13  0:12  Probe (Chrono Boost)  
  14  0:22  Probe (Chrono Boost)  
  14  0:24  Pylon  
  16  0:42  Probe (Chrono Boost)  
  16  0:43  Forge  
  16  0:53  Probe (Chrono Boost)  
  17  1:04  Probe (Chrono Boost)  
  18  1:06  Pylon  
  18  1:28  Pylon  
  18  1:30  Pylon  
  18  1:31  Photon Cannon  
  18  1:33  Photon Cannon  
  17  1:58  Nexus  
  17  2:01  Pylon  
  17  2:02  Probe (Chrono Boost)  
  18  2:13  Probe (Chrono Boost)  
  19  2:18  Assimilator  
  19  2:27  Gateway  
  19  2:28  Photon Cannon  
  19  2:34  Pylon  
  19  2:35  Probe (Chrono Boost)  
  20  2:40  Assimilator  
  20  2:45  Probe (Chrono Boost)  
  21  3:10  Probe (Chrono Boost)  
  21  3:12  Probe (Chrono Boost)  
  23  3:16  Cybernetics Core  
  23  3:21  Probe (Chrono Boost)  
  24  3:31  Photon Cannon  
  24  3:32  Probe (Chrono Boost)  
  25  3:38  Assimilator  
  25  3:40  Assimilator  
  25  3:42  Probe (Chrono Boost)  
  25  3:43  Probe (Chrono Boost)  
  27  3:53  Probe (Chrono Boost)  
  28  4:04  Probe (Chrono Boost)  
  28  4:06  Pylon  
  28  4:07  Probe (Chrono Boost)  
  30  4:14  Probe (Chrono Boost)  
  31  4:18  Probe (Chrono Boost)  
  32  4:25  Probe (Chrono Boost)  
  32  4:29  Mothership Core (Chrono Boost), Stargate  
  32  4:31  Stargate  
  35  4:35  Probe (Chrono Boost)  
  35  4:37  Stargate  
  36  4:46  Probe (Chrono Boost)  
  36  4:47  Probe (Chrono Boost)  
  38  4:57  Probe (Chrono Boost)  
  38  4:58  Probe (Chrono Boost)  
  40  5:07  Probe (Chrono Boost)  
  40  5:08  Probe (Chrono Boost)  
  40  5:12  Pylon  
  42  5:14  Oracle x2  
  42  5:18  Probe (Chrono Boost)  
  49  5:21  Stalker  
  49  5:28  Photon Cannon  
  51  5:31  Photon Cannon  
  51  5:39  Oracle  
  54  5:45  Pylon  
  52  6:03  Pylon  
  52  6:09  Forge  
  52  6:20  Oracle  
  55  6:35  Pylon x2  
  55  6:40  Pylon  
  55  6:48  Pylon  
  55  6:53  Oracle x2  
  61  7:00  Photon Cannon  
  61  7:04  Oracle  
  64  7:13  Photon Cannon  
  64  7:18  Photon Cannon  
  64  7:39  Oracle  
  64  7:57  Assimilator  
  64  8:00  Photon Cannon  
  64  8:01  Photon Cannon  
  62  8:07  Oracle  
  65  8:59  Oracle  
  68  9:06  Oracle  
  71  9:12  Assimilator  
  71  9:17  Assimilator  
  71  9:27  Photon Cannon  
  56  10:21  Zealot  
  58  10:26  Oracle x2  
  58  10:27  Oracle  
  67  10:34  Probe (Chrono Boost)  
  68  10:45  Probe (Chrono Boost)  
  68  10:48  Zealot  
  71  11:02  Probe (Chrono Boost)  
  71  11:03  Robotics Facility  
  72  11:13  Probe (Chrono Boost)  
  72  11:15  Zealot  
  75  11:20  Pylon x2  
  75  11:22  Pylon  
  75  11:24  Void Ray  
  83  11:42  Zealot  
  82  12:10  Observer  
  79  12:30  Photon Cannon  
  79  12:56  Stalker  
  81  13:20  Pylon  
  81  13:23  Pylon  
  81  13:26  Stalker  
  83  13:54  Nexus  
  80  14:16  Gateway x2  
  80  14:19  Gateway  
  80  14:22  Gateway  
  80  14:28  Pylon  
  80  14:31  Stalker  
  82  14:32  Pylon  
  82  14:51  Pylon  
  82  14:54  Assimilator  
  82  14:55  Probe (Chrono Boost)  
  87  15:00  Immortal  
  87  15:01  Stalker  
  87  15:05  Stalker  
  87  15:06  Probe (Chrono Boost)  
  94  15:09  Stalker x3  
  98  15:31  Stalker  
  79  15:51  Stalker  
  79  15:52  Stalker x3  
  87  16:01  Stalker  
  89  16:06  Probe (Chrono Boost)  
  90  16:17  Probe (Chrono Boost)  
  91  16:21  Stalker  
  91  16:22  Stalker x3  
  99  16:51  Stalker x2  
  99  16:52  Stalker x2  
  105  17:21  Stalker x2  
  105  17:22  Stalker x2  
Show
View Real Time Build Order
Export as new Build Order

Erazure Zerg 

Build Orders: Hatch First 

Get SALT Encoding   

  12  0:01  Drone  
  13  0:12  Overlord  
  13  0:19  Drone  
  14  0:31  Drone x2  
  16  0:50  Hatchery  
  16  0:53  Drone  
  16  0:57  Drone  
  17  1:04  Extractor  
  16  1:14  Spawning Pool  
  16  1:18  Drone  
  16  1:47  Drone  
  17  2:00  Hatchery  
  16  2:02  Drone  
  16  2:08  Drone  
  18  2:12  Drone  
  19  2:23  Queen  
  21  2:34  Queen  
  23  2:40  Drone  
  23  2:41  Drone  
  23  2:44  Drone  
  26  2:47  Drone  
  26  2:51  Drone  
  28  3:04  Lair  
  28  3:06  Drone, Extractor  
  28  3:09  Overlord  
  28  3:12  Drone  
  29  3:16  Drone  
  29  3:19  Drone  
  31  3:22  Drone x2  
  33  3:31  Drone x4  
  37  3:37  Drone  
  37  3:39  Overlord  
  38  3:45  Drone  
  38  3:47  Drone x2  
  41  3:57  Queen  
  41  4:02  Hydralisk Den  
  42  4:06  Nydus Network  
  42  4:07  Drone x3  
  42  4:09  Drone  
  45  4:11  Drone  
  45  4:16  Overlord  
  46  4:26  Metabolic Boost  
  46  4:30  Overlord  
  46  4:31  Zergling x4  
  46  4:32  Zergling x4  
  50  4:40  Hydralisk x2, Extractor  
  53  4:48  Zergling x14  
  53  4:49  Zergling x2  
  61  5:01  Hydralisk x2  
  61  5:04  Zergling x2  
  61  5:05  Overlord x2  
  66  5:16  Nydus Canal  
  66  5:25  Hydralisk  
  68  5:48  Overlord  
  68  5:49  Hydralisk x4  
  74  5:51  Zergling x2  
  74  5:52  Zergling x10  
  82  6:06  Overlord x2, Queen x2  
  79  6:25  Drone x2  
  71  6:26  Drone  
  73  6:33  Hatchery  
  72  6:46  Spore Crawler  
  71  6:52  Drone x3  
  72  7:14  Overlord x2, Muscular Augments  
  73  7:15  Drone x2  
  73  7:16  Drone x4  
  76  7:47  Queen  
  76  7:48  Hydralisk, Queen x2  
  76  7:50  Hydralisk x2  
  75  8:07  Hydralisk x3, Spore Crawler  
  78  8:22  Hydralisk  
  78  8:23  Hydralisk x2, Queen x2  
  88  8:27  Drone x2  
  81  9:00  Drone  
  81  9:01  Drone x5  
  81  9:02  Drone  
  88  9:21  Zergling x2  
  88  9:22  Zergling x2  
  85  9:35  Drone  
  85  9:36  Drone x5  
  89  9:39  Hatchery  
  79  9:54  Spire  
  79  9:58  Zergling x6  
  78  10:20  Drone  
  78  10:21  Drone x2  
  81  10:22  Extractor  
  78  10:36  Hatchery  
  74  11:00  Hatchery  
  73  11:09  Corruptor  
  73  11:10  Corruptor x2  
  73  11:11  Corruptor x4  
  87  11:24  Nydus Canal  
  85  11:38  Nydus Canal  
  63  11:59  Queen  
  63  12:18  Drone x3  
  63  12:19  Drone x7  
  63  12:20  Drone  
  72  12:32  Queen  
  72  12:35  Queen x2  
  78  12:42  Drone  
  78  12:43  Drone x2  
  81  12:44  Drone  
  81  12:45  Drone x2  
  84  12:54  Extractor  
  84  12:56  Extractor  
  84  12:57  Hydralisk  
  84  13:04  Spore Crawler  
  83  13:06  Spore Crawler  
  67  13:13  Drone  
  67  13:14  Drone x7  
  66  13:20  Drone x2  
  68  13:49  Hydralisk  
  68  13:51  Hydralisk x6  
  82  13:56  Zerg Flyer Weapons Level 1  
  75  14:17  Drone x5  
  75  14:18  Drone x6  
  86  14:26  Infestation Pit  
  86  14:29  Evolution Chamber  
  86  14:31  Evolution Chamber  
  71  14:40  Drone x3  
  71  14:44  Drone  
  68  14:48  Zergling x2  
  69  15:04  Zerg Missile Weapons Level 1  
  69  15:08  Zerg Ground Armor Level 1  
  69  15:14  Drone x2  
  71  15:24  Spore Crawler  
  55  15:45  Drone  
  55  15:46  Drone x7  
  51  16:13  Drone x4  
  51  16:14  Drone  
  56  16:23  Zergling x4  
  56  16:24  Zergling x2  
  59  16:26  Zergling x2  
  59  16:30  Zergling x2  
  61  16:40  Nydus Canal  
  61  16:48  Hydralisk x2  
  59  17:06  Hydralisk x4  
  63  17:33  Hydralisk x3  
  69  17:45  Hydralisk x3  
  69  17:48  Hydralisk  
  77  18:01  Zergling x12  
  72  18:20  Hydralisk x4  
Tags
 
Add a new tag
Caveats
  • Supply blocks, unpowered buildings, or Contaminate may cause inaccurate times.
  • Supply counts are checked every 10 seconds.